 Dungeon Sprint DCSS version 0.24-a0-307-gf989941d98 (webtiles) character file.

Game seed: 3927589903522683324

8600000 Hercules1031 the Conqueror (level 27, -22/249 HPs)
             Began as a Demonspawn Gladiator on May 12, 2019.
             Was the Champion of Makhleb.
             Annihilated by The Servant
             ... wielding a +9 glaive of flaming
              (24 damage)
             ... in the Dungeon (Sprint VIII: "Arena of Blood").
             The game lasted 00:05:36 (86 turns).

Hercules1031 the Conqueror (Demonspawn Gladiator)     Turns: 86, Time: 00:05:37

Health: -22/249    AC:  6    Str: 16    XL:     27
Magic:  37/54      EV: 36    Int: 12    God:    Makhleb [******]
Gold:   0          SH:  0    Dex: 24    Spells: 80/80 levels left

rFire    . . .     SeeInvis .   l - +∞ Axe of Woe
rCold    + . .     Gourm    .   (shield currently unavailable)
rNeg     . . .     Faith    .   b - +0 leather armour
rPois    .         Spirit   .   (helmet unavailable)
rElec    .         Reflect  .   (no cloak)
rCorr    .         Harm     .   (gloves unavailable)
MR       ++...     NoTele   +   (boots unavailable)
Stlth    +++++++++.             (no amulet)
HPRegen  12.51/turn             (no ring)
MPRegen  0.34/turn              (no ring)

@: no status effects
A: claws 3, hooves 3, horns 3, cold resistance 1, foul stench 2, passive freeze,
powered by death 3, rot immunity, freezing cloud immunity
a: Minor Destruction, Lesser Servant of Makhleb, Major Destruction, Greater
Servant of Makhleb, Renounce Religion


You were in the Dungeon.
You worshipped Makhleb.
Makhleb was exalted by your worship.
You were not hungry.

You visited 1 branch

Inventory:

Hand Weapons
 a - a +0 war axe
 l - the +∞ Axe of Woe (weapon)
   (You found it in the Dungeon)
Missiles
 d - 3 throwing nets (quivered)
Armour
 b - a +0 leather armour (worn)
 c - a +0 helmet
Scrolls
 k - a scroll of blinking
Potions
 e - a potion of curing
 g - a potion of heal wounds
 h - a potion of haste
 i - 2 potions of magic
 j - a potion of berserk rage
Comestibles
 f - a ration


   Skills:
 O Level 27 Fighting
 O Level 27 Axes
 O Level 27 Throwing
 O Level 27 Armour
 O Level 27 Dodging
 O Level 27 Stealth
 O Level 27 Unarmed Combat
 O Level 27 Spellcasting
 O Level 27 Invocations


You had 80 spell levels left.
You didn't know any spells.
Your spell library was empty.

Dungeon Overview and Level Annotations

Branches:
Dungeon (1/1)

Altars:
Makhleb

Annotations:
D The Servant


Innate Abilities, Weirdness & Mutations

You have claws for hands.
You have hooves in place of feet.
You have a pair of large horns on your head.
Your flesh is cold resistant. (rC+)
You frequently emit foul miasma when damaged in melee.
A frigid envelope surrounds you and freezes all who hurt you.
You regenerate a lot of health from kills.
You are immune to rotting.
You are immune to freezing clouds.


Message History

You kill the bag of meat!
Makhleb accepts your kill.
You slash the bag of meat!
You cleave the bag of meat in twain.
You kill the bag of meat!
Makhleb accepts your kill.
You hear a shout! x5
The dread calls on the powers of darkness!
The bag of meat convulses!
The meat berserker convulses!
The bag of meat convulses! x2; The eight-headed meat hydra convulses!
Your body is wracked with pain!
The bag of meat convulses! x2
The Servant convulses!
You hear a shout! x3 2 orcs and a vampire knight come into view.
The destroyer is wielding a +9 great sword of slicing.
You hear a shout! x3
The Servant hits you from afar with a +9 glaive of flaming!!!!
Ouch! That really hurt!
* * * LOW HITPOINT WARNING * * *
The Servant burns you!!
You die...

.. ..... #. .....#
.....oo #.......#
...oo.. .###..
V...###...WO..
......###............
......_.......%.....
#....)#.......#.#
#_.<)_#.)).V.....
..#...))#))@..D#.
...%.._)§§§)ooV.....
......###☼§))@....#.#
.###..2O§§§###oW.....
#...{ooo# .oo....
#.....))# ...Oo..
.......... ...o..o
.%.%....... .#...#.
...%%.......


You could see a meat beast, The Servant, an eight-headed meat hydra, 3
destroyers, 2 dreads, 3 meat berserkers and 15 bags of meat.

Vanquished Creatures
  5 hell beasts (D)
  4 greater mummies (D)
  2 wraiths (D)
  18 vampire knights (D)
  30 ogres (D)
  6 two-headed ogres (D)
  5 liches (D)
  A hydra (D)
  53 orcs (D)
  2 phantoms (D)
  5 skeletal warriors (D)
  6 large abominations (D)
  8 small abominations (D)
  12 crawling corpses (D)
157 creatures vanquished.

Vanquished Creatures (others)
  An ogre (D)
  A two-headed ogre (D)
  5 crawling corpses (D)
7 creatures vanquished.

Grand Total: 164 creatures vanquished

Notes
Turn   | Place    | Note
-------+----------+-------------------------------------------
     0 | D        | Found the +∞ Axe of Woe
     0 | D        | Hercules1031 the Demonspawn Gladiator began the quest for
                  | the Orb.
     0 | D        | Reached XP level 1. HP: 16/16 MP: 1/1
     2 | D        | Noticed a bag of meat
     3 | D        | Noticed a meat berserker
     3 | D        | Noticed a bag of meat
     4 | D        | Noticed a bag of meat
     5 | D        | Became a worshipper of Makhleb the Destroyer
     5 | D        | Noticed a meat berserker
     6 | D        | Killed a meat berserker
     6 | D        | Reached skill level 15 in Axes
     6 | D        | Reached skill level 15 in Armour
     6 | D        | Reached skill level 15 in Dodging
     6 | D        | Gained mutation: You regenerate a little health from kills.
                  | [demonic ancestry]
     6 | D        | Reached XP level 2. HP: 46/46 MP: 2/2
     6 | D        | Reached XP level 3. HP: 52/52 MP: 3/3
     6 | D        | Gained mutation: You have large cloven feet. [demonic
                  | ancestry]
     6 | D        | Reached XP level 4. HP: 59/59 MP: 4/4
     6 | D        | Gained mutation: You are immune to rotting. [demonic
                  | ancestry]
     6 | D        | Reached XP level 5. HP: 66/66 MP: 5/5
     6 | D        | Gained mutation: You have a pair of small horns on your
                  | head. [demonic ancestry]
     6 | D        | Reached XP level 6. HP: 73/73 MP: 6/6
     6 | D        | Gained mutation: You have hoof-like feet. [demonic
                  | ancestry]
     6 | D        | Reached XP level 7. HP: 79/79 MP: 7/7
     6 | D        | Gained mutation: You may emit foul miasma when damaged in
                  | melee. [demonic ancestry]
     6 | D        | Reached XP level 8. HP: 86/86 MP: 8/8
     6 | D        | Gained mutation: You regenerate health from kills. [demonic
                  | ancestry]
     6 | D        | Reached XP level 9. HP: 92/92 MP: 9/9
     6 | D        | Gained mutation: You regenerate a lot of health from kills.
                  | [demonic ancestry]
     6 | D        | Reached XP level 10. HP: 100/100 MP: 10/10
     6 | D        | Gained mutation: You have sharp fingernails. [demonic
                  | ancestry]
     6 | D        | Reached XP level 11. HP: 106/106 MP: 11/11
     6 | D        | Reached XP level 12. HP: 113/113 MP: 12/12
     6 | D        | Reached XP level 13. HP: 119/119 MP: 13/13
     7 | D        | Killed a meat berserker
     7 | D        | Reached * piety under Makhleb
     7 | D        | Gained mutation: You have hooves in place of feet. [demonic
                  | ancestry]
     7 | D        | Reached XP level 14. HP: 49/133 MP: 14/14
     8 | D        | Killed a bag of meat
     9 | D        | Killed a bag of meat
     9 | D        | Reached XP level 15. HP: 99/144 MP: 15/15
    10 | D        | Reached ** piety under Makhleb
    11 | D        | Noticed a meat berserker
    12 | D        | Noticed a meat berserker
    14 | D        | Killed a meat berserker
    14 | D        | Gained mutation: You have very sharp fingernails. [demonic
                  | ancestry]
    14 | D        | Reached XP level 16. HP: 157/157 MP: 16/16
    15 | D        | Noticed a large bag of meat
    16 | D        | Noticed a meat berserker
    16 | D        | Noticed a meat berserker
    17 | D        | Noticed a meat berserker
    17 | D        | Killed a meat berserker
    17 | D        | Reached *** piety under Makhleb
    17 | D        | Gained mutation: You have a pair of horns on your head.
                  | [demonic ancestry]
    17 | D        | Reached XP level 17. HP: 112/169 MP: 17/17
    17 | D        | Reached **** piety under Makhleb
    17 | D        | Reached skill level 27 in Fighting
    17 | D        | Noticed a meat berserker
    18 | D        | Noticed a meat berserker
    18 | D        | Gained mutation: You frequently emit foul miasma when
                  | damaged in melee. [demonic ancestry]
    18 | D        | Reached XP level 18. HP: 182/182 MP: 18/18
    18 | D        | Reached skill level 27 in Axes
    18 | D        | Reached skill level 27 in Dodging
    18 | D        | Noticed a meat berserker
    19 | D        | Reached skill level 27 in Armour
    21 | D        | Reached ***** piety under Makhleb
    21 | D        | Reached XP level 19. HP: 189/189 MP: 19/19
    22 | D        | Killed a meat berserker
    22 | D        | Reached skill level 27 in Throwing
    22 | D        | Noticed a large bag of meat
    22 | D        | Noticed a destroyer
    23 | D        | Killed a meat berserker
    23 | D        | Reached XP level 20. HP: 197/197 MP: 19/36
    23 | D        | Killed a large bag of meat
    23 | D        | Reached skill level 15 in Unarmed Combat
    23 | D        | Reached skill level 15 in Spellcasting
    24 | D        | Killed a meat berserker
    24 | D        | Reached ****** piety under Makhleb
    24 | D        | Noticed a destroyer
    25 | D        | Killed a meat berserker
    25 | D        | Gained mutation: Your flesh is cold resistant. (rC+)
                  | [demonic ancestry]
    25 | D        | Reached XP level 21. HP: 204/204 MP: 19/45
    26 | D        | Reached skill level 27 in Invocations
    27 | D        | Gained mutation: You have claws for hands. [demonic
                  | ancestry]
    27 | D        | Reached XP level 22. HP: 212/212 MP: 19/50
    27 | D        | Noticed a destroyer
    28 | D        | Noticed a large bag of meat
    28 | D        | Noticed a destroyer
    29 | D        | Reached skill level 27 in Stealth
    29 | D        | Reached skill level 27 in Unarmed Combat
    30 | D        | Reached skill level 27 in Spellcasting
    30 | D        | Killed a destroyer
    30 | D        | Reached XP level 23. HP: 219/219 MP: 20/54
    30 | D        | Killed a large bag of meat
    31 | D        | Noticed a destroyer
    31 | D        | Noticed a destroyer
    32 | D        | Killed a destroyer
    32 | D        | Gained mutation: You have a pair of large horns on your
                  | head. [demonic ancestry]
    32 | D        | Reached XP level 24. HP: 227/227 MP: 21/54
    32 | D        | Killed a destroyer
    32 | D        | Noticed a destroyer
    33 | D        | Noticed a destroyer
    33 | D        | Noticed a large bag of meat
    34 | D        | Killed a destroyer
    34 | D        | Reached XP level 25. HP: 234/234 MP: 21/54
    34 | D        | Noticed a large bag of meat
    35 | D        | Killed a destroyer
    36 | D        | Killed a large bag of meat
    36 | D        | Noticed a destroyer
    37 | D        | Killed a destroyer
    38 | D        | Noticed a destroyer
    39 | D        | Noticed a destroyer
    40 | D        | Noticed a destroyer
    40 | D        | Noticed a destroyer
    40 | D        | Noticed a destroyer
    40 | D        | Noticed a destroyer
    40 | D        | HP: 5/234 [destroyer/+9 great sword of slicing (13)]
    41 | D        | Killed a destroyer
    41 | D        | Gained mutation: You are immune to freezing clouds.
                  | [demonic ancestry]
    41 | D        | Reached XP level 26. HP: 58/242 MP: 23/54
    42 | D        | Killed a destroyer
    42 | D        | Noticed a destroyer
    43 | D        | Killed a destroyer
    43 | D        | Noticed a destroyer
    45 | D        | Noticed an accursed
    46 | D        | Killed a destroyer
    46 | D        | Gained mutation: A frigid envelope surrounds you and
                  | freezes all who hurt you. [demonic ancestry]
    46 | D        | Reached XP level 27. HP: 195/249 MP: 24/54
    46 | D        | Killed a destroyer
    46 | D        | Killed a large bag of meat
    47 | D        | Killed a destroyer
    48 | D        | Noticed a tyrant
    48 | D        | Killed a destroyer
    48 | D        | Killed a destroyer
    49 | D        | Killed a destroyer
    49 | D        | Killed a large bag of meat
    49 | D        | Noticed a destroyer
    49 | D        | Noticed a tyrant
    50 | D        | Noticed a tyrant
    50 | D        | Killed a destroyer
    54 | D        | Noticed a destroyer
    55 | D        | Noticed a tyrant
    56 | D        | Noticed an accursed
    56 | D        | Killed a destroyer
    56 | D        | Noticed a tyrant
    57 | D        | Killed a tyrant
    60 | D        | Killed a tyrant
    62 | D        | Noticed an accursed
    63 | D        | Killed an accursed
    64 | D        | Killed a tyrant
    64 | D        | Noticed a meat beast
    65 | D        | Killed a tyrant
    65 | D        | Noticed an accursed
    66 | D        | Killed a meat beast
    68 | D        | Noticed a dread
    68 | D        | Killed a tyrant
    69 | D        | Killed a destroyer
    69 | D        | Noticed a meat beast
    70 | D        | Noticed a dread
    71 | D        | Noticed a meat beast
    71 | D        | Noticed a large bag of meat
    72 | D        | Killed a dread
    72 | D        | Noticed a large bag of meat
    72 | D        | Noticed a meat beast
    73 | D        | Killed an accursed
    74 | D        | Noticed The Servant
    74 | D        | Killed a meat beast
    75 | D        | Killed a meat beast
    75 | D        | Killed a meat beast
    79 | D        | Killed an accursed
    79 | D        | Killed a large bag of meat
    79 | D        | Killed a large bag of meat
    79 | D        | Killed a dread
    79 | D        | Noticed a meat beast
    79 | D        | Noticed a dread
    80 | D        | Killed an accursed
    82 | D        | Noticed a destroyer
    83 | D        | Noticed a dread
    83 | D        | Killed a meat beast
    84 | D        | Noticed a meat beast
    86 | D        | Noticed a destroyer
    86 | D        | HP: 2/249 [The Servant/+9 glaive of flaming (136)]
    86 | D        | Annihilated by The Servant

Levels and vault maps discovered:
D:        meatsprint

Skill      XL: |  1  2  3  4  5  6  7  8  9 10 11 12 13 14 15 16 17 18 19 20 21 22 |
---------------+-------------------------------------------------------------------+-----
Fighting       | 16 19 21 23 25 27 | 27.0
Axes           | 15 18 19 22 23 26 27 | 27.0
Armour         | 15 18 19 21 23 26 27 | 27.0
Dodging        | 15 18 19 22 23 26 27 | 27.0
Throwing       | 21 27 | 27.0
Stealth        | 13 21 26 27 | 27.0
Unarmed Combat | 12 20 24 27 | 27.0
Spellcasting   | 12 20 24 27 | 27.0
Invocations    | 16 26 27 | 27.0

Action                   |  1- 3 |  4- 6 |  7- 9 | 10-12 | 13-15 | 16-18 | 19-21 | 22-24 | 25-27 || total
-------------------------+-------+-------+-------+-------+-------+-------+-------+-------+-------++-------
Melee: Executioner's axe |     1 |       |       |       |     5 |     5 |     6 |     6 |    46 ||    69
Armor: Leather armour    |       |       |       |       |       |       |       |       |     1 ||     1
Dodge: Dodged            |       |       |       |       |       |       |       |     1 |    17 ||    18

Table legend:
 A = Non-vault XP
 B = Vault XP
 C = Vault XP percentage of total XP
 D = Non-vault monster count
 E = Vault monster count
 F = Vault count percentage of total count
                 A         B        C        D         E       F
            +---------+---------+-------+---------+---------+-------
      Total | 2914587 | 1113555 |  27.6 |      80 |      66 |  45.2
            +---------+---------+-------+---------+---------+-------
          D | 2914587 | 1113555 |  27.6 |      80 |      66 |  45.2
            +---------+---------+-------+---------+---------+-------
